[Event "Botvinnik Cup 2018"]
[Site "Moscow"]
[Date "2018.08.12"]
[Round "5"]
[White "Naqopia, Giorgi"]
[Black "Atabayev, Maksat"]
[Result "0-1"]
[ECO "A05"]
[WhiteElo "1857"]
[BlackElo "2505"]
[Annotator "ChessBase"]
[PlyCount "120"]
[EventDate "2018.08.10"]
[EventCountry "RUS"]
[SourceTitle "playchess.com"]
[Source "ChessBase"]
[SourceQuality "1"]
[TimeControl "5400+30"]

1. Nf3 Nf6 2. g3 b5 3. Bg2 Bb7 4. O-O e6 5. d4 Be7 6. b3 O-O 7. Bb2 d5 8. Nbd2 Nbd7 9. c4 bxc4 10. bxc4 c6 11. Qc2 Qa5 12. a4 Ba6 13. Bc3 Qc7 14. Rfb1 Rfc8 15. e3 c5 16. dxc5 Nxc5 17. Be5 Qd8 18. Ne1 Ncd7 19. Bc3 Bxc4 20. Nxc4 Rxc4 21. Bf1 Rcc8 22. Ba6 Rc5 23. Qd3 Ne4 24. Bd4 Rc7 25. Qd1 Bc5 26. Rb2 Bxd4 27. Qxd4 Ndc5 28. Be2 Rac8 29. Nf3 f6 30. Rd1 Qe7 31. Kg2 Nd6 32. Rdb1 Qd7 33. Rb4 Nce4 34. Ba6 Rd8 35. Qd3 Nc5 36. Qf1 Nxa4 37. Nd4 Nc5 38. Rb8 e5 39. Rxd8+ Qxd8 40. Nf3 Nxa6 41. Qxa6 Nc4 42. Qe6+ Kf8 43. Rd1 Nb6 44. g4 Qd7 45. Qxd7 Rxd7 46. g5 Ke7 47. gxf6+ gxf6 48. Ra1 Kd6 49. Nh4 Kc6 50. Nf5 Kb7 51. Kf3 Nc4 52. Ra4 a5 53. e4 Kb6 54. exd5 Kb5 55. Ra1 Rxd5 56. Ke4 Rd2 57. Ne3 Nxe3 58. Kxe3 Rb2 59. h4 a4 60. f4 Rb3+ {[%emt 0:00:02] Kd4} 0-1

[Event "Botvinnik Cup 2018"]
[Site "Moscow"]
[Date "2018.08.12"]
[Round "5"]
[White "Lomaia, Diana"]
[Black "Atabayev, Maksat"]
[Result "0-1"]
[ECO "B33"]
[WhiteElo "1851"]
[BlackElo "2505"]
[Annotator "ChessBase"]
[PlyCount "92"]
[EventDate "2018.08.10"]
[EventCountry "RUS"]
[SourceTitle "playchess.com"]
[Source "ChessBase"]
[SourceQuality "1"]
[TimeControl "5400+30"]

1. e4 c5 2. Nf3 Nc6 3. d4 cxd4 4. Nxd4 Nf6 5. Nxc6 bxc6 6. Bd3 g6 7. O-O d6 8. c4 Bg7 9. Nc3 O-O 10. Qe2 Nd7 11. Be3 Qa5 12. Rac1 Rb8 13. a3 Ne5 14. Rc2 Rb3 15. Rd1 Bg4 16. f3 Be6 17. Kh1 Rfb8 18. Bc1 Nxd3 19. Qxd3 Bxc3 20. bxc3 Qc5 21. Qd4 Qxc4 22. Qxa7 R3b7 23. Qe3 Rb1 24. Rcd2 Ra1 25. Rd4 Qb3 26. h3 c5 27. R4d2 f6 28. f4 Qc4 29. Re1 Rb3 30. Rc2 Rab1 31. Kh2 Rb8 32. Rf2 R1b3 33. Rf3 d5 34. exd5 Bxd5 35. Rg3 e6 36. h4 Kf7 37. Kg1 R3b7 38. Rh3 Rb2 39. Bxb2 Rxb2 40. Rg3 Qa2 41. Kf1 Rxg2 42. Re2 Rxe2 43. Qxe2 Bc4 44. Rd3 Qb1+ 45. Kf2 Qxd3 46. Qb2 Qf1+ 0-1

[Event "Botvinnik Cup 2018"]
[Site "Moscow"]
[Date "2018.08.12"]
[Round "5"]
[White "Grigoryan, Aram"]
[Black "Korotylev, Alexey"]
[Result "1/2-1/2"]
[ECO "E19"]
[WhiteElo "1805"]
[BlackElo "2573"]
[Annotator "ChessBase"]
[PlyCount "56"]
[EventDate "2018.08.10"]
[EventCountry "RUS"]
[SourceTitle "playchess.com"]
[Source "ChessBase"]
[SourceQuality "1"]
[TimeControl "5400+30"]

1. d4 Nf6 2. c4 e6 3. Nf3 b6 4. g3 Bb7 5. Bg2 Be7 6. O-O O-O 7. Nc3 Ne4 8. Qc2 Nxc3 9. Qxc3 c5 10. b3 d6 11. Bb2 Bf6 12. Rfd1 Qe7 13. Qc2 Nc6 14. e3 Rfd8 15. Rac1 a5 16. a4 h6 17. Qb1 Rac8 18. Qa1 Nb4 19. Rd2 Be4 20. Ne1 Bxg2 21. Nxg2 d5 22. dxc5 Bxb2 23. Qxb2 Rxc5 24. cxd5 Rcxd5 25. Rxd5 Rxd5 26. Nf4 Rd8 27. Qe5 Qd6 28. Qxd6 Rxd6 1/2-1/2

[Event "Botvinnik Cup 2018"]
[Site "Moscow"]
[Date "2018.08.12"]
[Round "5"]
[White "Igen, Amir"]
[Black "Tologontegin, Semetey"]
[Result "0-1"]
[ECO "E62"]
[WhiteElo "1778"]
[BlackElo "2419"]
[Annotator "NA"]
[PlyCount "82"]
[EventDate "2018.08.10"]
[EventCountry "RUS"]
[SourceTitle "playchess.com"]
[Source "ChessBase"]
[SourceQuality "1"]
[TimeControl "5400+30"]

1. d4 Nf6 2. c4 d6 3. Nc3 Bf5 4. Nf3 g6 5. g3 Bg7 6. Bg2 c6 7. O-O O-O 8. Re1 Ne4 9. Nh4 Nxc3 10. bxc3 Be6 11. Qd3 Qa5 12. e4 Qa4 13. d5 Bc8 14. Be3 Nd7 15. f4 c5 16. Nf3 Nb6 17. Nd2 e6 18. Bf2 e5 19. fxe5 Bxe5 20. Nf3 Nxc4 21. Nd2 Nxd2 22. Qxd2 Bd7 23. Be3 b5 24. Bf4 Rae8 25. Rf1 f6 26. Rf2 g5 27. Bxe5 Rxe5 28. Raf1 Kg7 29. h4 h6 30. hxg5 hxg5 31. Qe2 Qa5 32. Qh5 Qxc3 33. Rxf6 Rxf6 34. Rxf6 Kxf6 35. Qh6+ Ke7 36. Qg7+ Kd8 37. Qh8+ Kc7 38. Qa8 Qd4+ 39. Kh2 c4 40. Qh8 Rxe4 41. Qh5 Re8 0-1

[Event "Botvinnik Cup 2018"]
[Site "Moscow"]
[Date "2018.08.12"]
[Round "5"]
[White "Degenbaev, Aziz"]
[Black "Khusnutdinov, Rustam"]
[Result "1/2-1/2"]
[ECO "B47"]
[WhiteElo "1688"]
[BlackElo "2470"]
[Annotator "ChessBase"]
[PlyCount "83"]
[EventDate "2018.08.10"]
[EventCountry "RUS"]
[SourceTitle "playchess.com"]
[Source "ChessBase"]
[SourceQuality "1"]
[TimeControl "5400+30"]

1. e4 c5 2. Nf3 e6 3. d4 cxd4 4. Nxd4 Nc6 5. Nc3 Qc7 6. Be2 a6 7. f4 Nxd4 8. Qxd4 b5 9. a3 Bb7 10. Be3 Rc8 11. O-O d6 12. f5 e5 13. Qd3 Nf6 14. Bf3 h6 15. Rf2 Be7 16. g4 Qc4 17. Rg2 Qxd3 18. cxd3 Nd7 19. Rd1 Bd8 20. g5 hxg5 21. Bxg5 Bxg5 22. Rxg5 Kf8 23. Kh1 Rh7 24. Rdg1 Nc5 25. Be2 Nb3 26. f6 g6 27. R5g3 Nd4 28. Bg4 Rc5 29. Rc1 Ke8 30. Rgg1 Kd8 31. b4 Rc7 32. Nd5 Bxd5 33. exd5 Rh8 34. h3 Re8 35. Rxc7 Kxc7 36. Rc1+ Kb7 37. Bd7 Rd8 38. Bg4 Re8 39. Bd7 Rd8 40. Bg4 Re8 41. Bd7 Rd8 42. Bg4 1/2-1/2

[Event "Botvinnik Cup 2018"]
[Site "Moscow"]
[Date "2018.08.12"]
[Round "5"]
[White "Kuliyev, Emin"]
[Black "Paichadze, Luka"]
[Result "0-1"]
[ECO "A17"]
[WhiteElo "1641"]
[BlackElo "2564"]
[Annotator "RC"]
[PlyCount "62"]
[EventDate "2018.08.10"]
[EventCountry "RUS"]
[SourceTitle "playchess.com"]
[Source "ChessBase"]
[SourceQuality "1"]
[TimeControl "5400+30"]

1. c4 Nf6 2. Nc3 e6 3. Nf3 Bb4 4. d4 b6 5. e3 Bb7 6. Bd3 O-O 7. O-O d5 8. Bd2 Be7 9. Qe2 c5 10. Rfd1 Nbd7 11. Be1 cxd4 12. exd4 dxc4 13. Bxc4 Nd5 14. Nxd5 exd5 15. Bb3 Re8 16. Qd3 Bd6 17. Bc3 Nf6 18. Ne5 Ne4 19. Re1 Qf6 20. f3 Nxc3 21. Qxc3 Rac8 22. Qe3 Qf5 23. g4 Qe6 24. Ba4 Re7 25. Qd2 Qf6 26. Bd7 Bxe5 27. dxe5 Qxf3 28. Bxc8 Bxc8 29. Qg2 Bxg4 30. Rad1 Qxg2+ 31. Kxg2 Bxd1 0-1

[Event "Botvinnik Cup 2018"]
[Site "Moscow"]
[Date "2018.08.12"]
[Round "5"]
[White "Batyrowa, Merjen"]
[Black "Paichadze, Luka"]
[Result "0-1"]
[ECO "E10"]
[WhiteElo "1555"]
[BlackElo "2564"]
[Annotator "ChessBase"]
[PlyCount "70"]
[EventDate "2018.08.10"]
[EventCountry "RUS"]
[SourceTitle "playchess.com"]
[Source "ChessBase"]
[SourceQuality "1"]
[TimeControl "5400+30"]

1. d4 Nf6 2. c4 e6 3. Nf3 Nc6 4. a3 d5 5. e3 g6 6. Bd3 Bg7 7. Nc3 O-O 8. O-O b6 9. cxd5 exd5 10. Bd2 Ne7 11. Rc1 Bb7 12. Qc2 c5 13. b3 Rc8 14. Qa2 Ne4 15. Ne2 Nf5 16. Rfd1 Re8 17. a4 Qe7 18. Be1 Ned6 19. Bxf5 Nxf5 20. Ng3 Nd6 21. dxc5 bxc5 22. Bc3 d4 23. exd4 Bxf3 24. gxf3 cxd4 25. Bb4 Qe6 26. Qd2 Nf5 27. Qd3 Nh4 28. Kh1 Rb8 29. Re1 Qd5 30. Re4 Bf6 31. Rxe8+ Rxe8 32. Ne4 Bg7 33. Nd2 Bh6 34. Rc5 Re1+ 35. Nf1 Qxf3+ 0-1

[Event "Botvinnik Cup 2018"]
[Site "Moscow"]
[Date "2018.08.12"]
[Round "5"]
[White "Sezdbekova, Aizhan"]
[Black "Khusnutdinov, Rustam"]
[Result "0-1"]
[ECO "B24"]
[WhiteElo "1410"]
[BlackElo "2470"]
[Annotator "ChessBase"]
[PlyCount "116"]
[EventDate "2018.08.10"]
[EventCountry "RUS"]
[SourceTitle "playchess.com"]
[Source "ChessBase"]
[SourceQuality "1"]
[TimeControl "5400+30"]

1. e4 c5 2. Nc3 Nc6 3. g3 g6 4. Bg2 Bg7 5. Nge2 e6 6. d3 Nge7 7. Bg5 h6 8. Be3 Nd4 9. Rb1 O-O 10. O-O d6 11. Qd2 Kh7 12. h3 Rb8 13. a3 b6 14. f4 Bb7 15. g4 f5 16. g5 hxg5 17. fxg5 Qd7 18. Ng3 Rf7 19. h4 Rbf8 20. h5 d5 21. hxg6+ Nxg6 22. exf5 Nxf5 23. Nxf5 exf5 24. d4 f4 25. Qd1 f3 26. Bxf3 Qh3 27. Rf2 Rxf3 28. Rh2 Rxe3 29. Rxh3+ Rxh3 30. Qg4 Bxd4+ 31. Kg2 Nf4+ 32. Qxf4 Rxf4 33. Kxh3 Kg6 34. Ne2 Bc8+ 35. Kg3 Rg4+ 36. Kf3 Be5 37. Nc3 Bxc3 38. bxc3 Rc4 39. Rb3 Bf5 40. Rb2 Kxg5 41. Ke2 Rxc3 42. a4 Rxc2+ 43. Rxc2 Bxc2 44. Kd2 Bxa4 45. Kc3 Kf4 46. Kd3 Bb5+ 47. Kc3 Ke3 48. Kc2 d4 49. Kd1 d3 50. Kc1 d2+ 51. Kb2 d1=Q 52. Kc3 Qd4+ 53. Kc2 Ba4+ 54. Kc1 Qc3+ 55. Kb1 Bc2+ 56. Kc1 Bb3+ 57. Kb1 Qc2+ 58. Ka1 Qc1# 0-1

[Event "Botvinnik Cup 2018"]
[Site "Moscow"]
[Date "2018.08.14"]
[Round "7"]
[White "Sevdimaliyev, Urfan"]
[Black "Mailebayev, Sanzhar"]
[Result "0-1"]
[ECO "D03"]
[WhiteElo "2388"]
[BlackElo "1820"]
[Annotator "NA"]
[PlyCount "130"]
[EventDate "2018.08.10"]
[EventCountry "RUS"]
[SourceTitle "playchess.com"]
[Source "ChessBase"]
[SourceQuality "1"]
[TimeControl "5400+30"]

1. d4 d5 2. Nf3 Nf6 3. Bg5 Ne4 4. Bh4 Qd6 5. Nbd2 Qh6 {[%emt 0:05:47] D03: 1 d4 d5 2 Nf3 Nf6 3 Bg5, including Torre Attack with early ...d5} 6. Qc1 Nc6 7. c3 Qh5 8. Nxe4 dxe4 9. Qg5 Qxg5 10. Nxg5 h6 11. Nh3 Bf5 $146 ({Predecessor:} 11... e5 12. e3 Bxh3 13. gxh3 {0-1 (54) Garcia Palermo,C (2444)-Godena,M (2533) Penne 2004}) 12. Bg3 O-O-O 13. e3 h5 14. Ng1 h4 15. Bf4 f6 16. h3 e5 17. Bh2 exd4 18. exd4 Be6 19. Bb5 a6 20. Bxc6 bxc6 21. Ne2 c5 22. Bf4 Bc4 23. Be3 cxd4 24. Nxd4 Kb7 25. b4 Kc8 26. Nb3 Rd3 27. Rc1 Bd6 28. O-O {[%emt 0:07:10] [#]} f5 (28... Bxb3 $1 $17 29. axb3 Be5) 29. Rfd1 f4 30. Bd4 Rg8 31. Rxd3 Bxd3 32. Nc5 Bxc5 33. Bxc5 Kd7 34. Rd1 Ke6 35. f3 g5 36. fxe4 Bxe4 37. Kf2 g4 38. hxg4 Rxg4 39. Rg1 Ke5 40. a4 Bc6 41. a5 Be4 42. Bd4+ Kf5 43. Bc5 Rg3 44. Bd4 c6 45. Bh8 Rg8 46. Bd4 $11 Ke6 47. Bc5 Rg3 48. Bd4 Rg8 (48... Bd5 $17) 49. Bc5 Ke5 50. Bb6 Kf5 (50... Rg4 $17) 51. Bc5 $2 Rg3 52. Bd4 $19 Bd5 53. Bh8 Rd3 54. Re1 Rd2+ 55. Re2 Rxe2+ 56. Kxe2 Bxg2 57. Kf2 h3 58. Bd4 Kg4 59. Bc5 Bd5 60. Kg1 Kf3 61. Kh2 Be6 62. c4 Ke2 63. b5 cxb5 64. cxb5 axb5 65. a6 f3 0-1

[Event "Botvinnik Cup 2018"]
[Site "Moscow"]
[Date "2018.08.14"]
[Round "7"]
[White "Sevdimaliyev, Urfan"]
[Black "Igen, Amir"]
[Result "1-0"]
[ECO "D03"]
[WhiteElo "2388"]
[BlackElo "1778"]
[Annotator "NA"]
[PlyCount "142"]
[EventDate "2018.08.10"]
[EventCountry "RUS"]
[SourceTitle "playchess.com"]
[Source "ChessBase"]
[SourceQuality "1"]
[TimeControl "5400+30"]

1. d4 d5 2. Nf3 Nf6 3. Bg5 e6 4. Nbd2 Be7 5. e3 O-O 6. Bd3 Nbd7 7. c3 c5 8. Ne5 Nxe5 9. dxe5 Nd7 10. Bxe7 Qxe7 11. f4 f6 12. exf6 Rxf6 {[%emt 0:00:42] D03: 1 d4 d5 2 Nf3 Nf6 3 Bg5, including Torre Attack with early ...d5} 13. Nf3 e5 14. Bb5 $146 ({Predecessor:} 14. Bc2 d4 15. O-O e4 16. Ng5 d3 17. Bb3+ Kh8 18. Bd5 h6 19. Qh5 Nb6 20. Nf7+ {1-0 (40) Palchun,G (2321)-Lazarev,V (2145) Kolomna 2014}) 14... exf4 15. Qxd5+ Kh8 16. O-O-O Nf8 17. exf4 Be6 18. Qd6 Qxd6 19. Rxd6 Bxa2 20. Rxf6 gxf6 21. Rd1 a6 22. Ba4 b5 23. Bc2 Ne6 24. g3 a5 25. Rd7 Nf8 26. Rc7 Bd5 27. Nh4 Bg8 28. Rxc5 b4 29. cxb4 axb4 30. b3 Ra1+ 31. Kb2 Rh1 32. Rc8 Ne6 33. Nf5 Re1 $2 (33... Rxh2 34. Ne7 Kg7 35. Nxg8 Kf7) 34. Nh6 Kg7 35. Nxg8 Nd4 36. Bd3 Rh1 37. Bc4 Rxh2+ 38. Kc1 Rh1+ 39. Kd2 Rh2+ 40. Kd3 Nf5 41. Rc7+ Kg6 42. Bf7+ Kg7 43. Be6+ Kg6 44. Bxf5+ Kxf5 45. Rc6 Rh3 46. Rxf6+ Kg4 47. Rh6 Rxg3+ 48. Kc4 Kxf4 49. Nf6 Kf5 50. Nd5 Rg4+ 51. Kb5 Rg5 52. Nxb4 Ke4+ 53. Kc4 Rg7 54. Nd3 Rc7+ 55. Nc5+ Ke5 56. b4 Rg7 57. Rh5+ Kd6 58. Rh6+ $2 (58. Rd5+ {mates} Kc6 59. b5+ Kb6 60. Rd6+ Kc7 61. Re6 Rg4+ 62. Kc3 Rg3+ 63. Kb4 Rg4+ 64. Ka5) 58... Ke5 59. Re6+ Kf5 60. b5 h5 61. b6 h4 62. Rh6 Kg4 63. b7 Rg8 64. Rg6+ Rxg6 65. b8=Q h3 66. Qh2 Kh4 67. Ne4 Rg2 68. Qf4+ Kh5 69. Ng3+ Kg6 70. Qg4+ Kf6 71. Qxh3 Ke5 {Kd5+ Kxd5} 1-0

[Event "Botvinnik Cup 2018"]
[Site "Moscow"]
[Date "2018.08.14"]
[Round "7"]
[White "Komliakov, Viktor"]
[Black "Tsvetkov, Andrey"]
[Result "0-1"]
[ECO "B55"]
[WhiteElo "2366"]
[BlackElo "2297"]
[Annotator "NA"]
[PlyCount "84"]
[EventDate "2018.08.10"]
[EventCountry "RUS"]
[SourceTitle "playchess.com"]
[Source "ChessBase"]
[SourceQuality "1"]
[TimeControl "5400+30"]

1. e4 c5 2. Nf3 d6 3. d4 cxd4 4. Nxd4 Nf6 5. f3 e5 6. Bb5+ Nbd7 7. Nf5 d5 8. exd5 a6 9. Ba4 b5 10. Bb3 Nb6 11. Ne3 {[%emt 0:00:07] B55: Sicilian: 2...d6 3 d4 cxd4 4 Nxd4 Nf6 5 f3} Bc5 12. Nc3 Bb7 (12... O-O 13. Qd3 a5 14. a3 a4 15. Ba2 b4 16. axb4 Bxb4 17. O-O Ba6 18. Nb5 Bc5 {0-1 (43) Rodriguez Vila,A (2532)-Shirov,A (2698) Buenos Aires 2012}) 13. Qd3 {[%emt 0:11:24] LiveBook: 26 Games} O-O 14. Ne4 Rc8 15. Nxc5 Rxc5 16. O-O {[%emt 0:11:14] [#]} a5 $146 ({Predecessor:} 16... Nbxd5) 17. a3 a4 18. Ba2 Nbxd5 19. Nxd5 Bxd5 20. Be3 Rc8 21. Qxb5 Bxa2 22. Rxa2 Qd5 23. Qxd5 Nxd5 24. Bg5 Rxc2 25. Rf2 Rfc8 26. Ra1 Rxf2 27. Kxf2 Rc2+ 28. Kg3 Rxb2 29. Rd1 Rb5 30. Rc1 f6 31. Bd2 Rb2 32. Rd1 Rb3 33. Be1 Ne3 34. Rd8+ Kf7 35. Bb4 Rb2 36. f4 e4 37. f5 Nxf5+ 38. Kf4 e3 39. Rf8+ $19 Ke6 40. g4 Rxb4+ 41. axb4 e2 42. gxf5+ Ke7 0-1

[Event "Botvinnik Cup 2018"]
[Site "Moscow"]
[Date "2018.08.14"]
[Round "7"]
[White "Komliakov, Viktor"]
[Black "Garifullina, Leya"]
[Result "1/2-1/2"]
[ECO "C15"]
[WhiteElo "2366"]
[BlackElo "2106"]
[Annotator "NA"]
[PlyCount "49"]
[EventDate "2018.08.10"]
[EventCountry "RUS"]
[SourceTitle "playchess.com"]
[Source "ChessBase"]
[SourceQuality "1"]
[TimeControl "5400+30"]

1. e4 e6 2. d4 d5 3. Nc3 Bb4 4. exd5 exd5 5. Qf3 Ne7 6. Bd3 Nbc6 7. Nge2 Be6 $11 8. a3 Bxc3+ 9. bxc3 Qd7 10. O-O Bf5 11. Bf4 O-O-O 12. a4 h5 13. a5 Bxd3 14. cxd3 Qg4 15. Qxg4+ hxg4 16. a6 b6 17. f3 gxf3 18. Rxf3 f6 19. Bd2 Kd7 20. Re1 Rde8 21. Nf4 Rh7 22. h3 g5 23. Ne2 Ng8 24. Kf2 Rh4 25. Ra1 1/2-1/2

[Event "Botvinnik Cup 2018"]
[Site "Moscow"]
[Date "2018.08.14"]
[Round "7"]
[White "Egin, Vladimir"]
[Black "Kuliyev, Emin"]
[Result "1/2-1/2"]
[ECO "B13"]
[WhiteElo "2317"]
[BlackElo "1641"]
[Annotator "NA"]
[PlyCount "72"]
[EventDate "2018.08.10"]
[EventCountry "RUS"]
[SourceTitle "playchess.com"]
[Source "ChessBase"]
[SourceQuality "1"]
[TimeControl "5400+30"]

1. e4 c6 2. d4 d5 3. exd5 cxd5 4. c4 Nf6 5. Nc3 Nc6 6. Nf3 Bg4 7. cxd5 Nxd5 8. Qb3 Bxf3 9. gxf3 e6 10. Qxb7 Nxd4 11. Bb5+ Nxb5 12. Qc6+ Ke7 13. Qxb5 Qd7 14. Nxd5+ Qxd5 15. Bg5+ f6 16. Qxd5 exd5 17. Be3 Ke6 18. O-O-O Bb4 19. a3 {[%emt 0:00:03] LiveBook: 75 Games} Ba5 {[%emt 0:00:12] B13: Caro-Kann (Abtausch-Variante 4.c4)} 20. b4 Bb6 21. Rhe1 {[%emt 0:00:07] [#]} Kf7 $146 22. Rxd5 Rac8+ 23. Kb2 Rhe8 24. Rd7+ Kf8 25. Rdd1 Rc4 26. Bxb6 axb6 27. Rxe8+ Kxe8 28. Kb3 Rh4 29. a4 Rxh2 30. a5 bxa5 31. bxa5 Rxf2 32. a6 Rxf3+ 33. Kb4 $18 (33. Ka4 $142 Rf4+ 34. Ka5 Rf5+ 35. Kb6) 33... Rf2 34. Rd3 Rc2 35. Rc3 Ra2 36. Ra3 Rb2+ 1/2-1/2

[Event "Botvinnik Cup 2018"]
[Site "Moscow"]
[Date "2018.08.14"]
[Round "7"]
[White "Egin, Vladimir"]
[Black "Batyrowa, Merjen"]
[Result "1-0"]
[ECO "C08"]
[WhiteElo "2317"]
[BlackElo "1555"]
[Annotator "NA"]
[PlyCount "85"]
[EventDate "2018.08.10"]
[EventCountry "RUS"]
[SourceTitle "playchess.com"]
[Source "ChessBase"]
[SourceQuality "1"]
[TimeControl "5400+30"]

1. e4 e6 2. d4 d5 3. Nd2 c5 4. exd5 exd5 5. Ngf3 Nf6 6. Bb5+ Bd7 7. Bxd7+ Nbxd7 8. O-O Be7 9. dxc5 Nxc5 10. Re1 O-O 11. Nf1 {[%emt 0:00:12] C08: French Tarrasch: 3...c5 4 exd5 exd5 sidelines} Qc7 (11... Re8 12. Be3 Qd7 13. c3 a5 14. Bd4 Rac8 15. Ne3 Nfe4 16. Ne5 Qd8 17. Qh5 g6 18. Qf3 f5 19. Nxf5 gxf5 20. Qxf5 {½-½ (91) Rublevsky,S (2683)-Savchenko,B (2585) Sochi 2017}) 12. Be3 Rfe8 13. c3 Rad8 14. Qc2 {[%emt 0:00:32] [#]} a6 $146 ({Predecessor:} 14... Nce4 15. Bd4 Bd6 16. Ne3 Bf4 17. g3 Bxe3 18. Rxe3 Re6 {½-½ (61) Kobalia,M (2505)-Dolmatov,S (2575) St Petersburg 1998}) 15. a4 Nce4 16. Bd4 Bc5 17. Ne3 Bxd4 18. Nxd4 g6 19. Rad1 Nd6 20. f3 Nc4 21. Nf1 Rxe1 22. Rxe1 Re8 23. Rxe8+ Nxe8 24. b3 Nb6 25. Qd2 Qe5 26. Qe3 Qxe3+ 27. Nxe3 Kf8 28. a5 Nd7 29. Nxd5 f5 30. Ne6+ Kg8 31. Kf2 Nd6 32. Ke3 Kf7 33. Ng5+ Kg7 34. b4 h6 35. Ne6+ Kf7 36. Nec7 Ne8 (36... g5 {was worth a try.} 37. f4 Nb8) 37. Nxe8 Kxe8 38. Kd4 Kf7 39. c4 Ke6 40. Nf4+ Kf6 $18 41. Kd5 g5 42. Nd3 Ke7 43. Nc5 1-0

[Event "Botvinnik Cup 2018"]
[Site "Moscow"]
[Date "2018.08.14"]
[Round "7"]
[White "Skatchkov, Valery"]
[Black "Komliakov, Viktor"]
[Result "0-1"]
[ECO "B07"]
[WhiteElo "2305"]
[BlackElo "2366"]
[Annotator "NA"]
[PlyCount "50"]
[EventDate "2018.08.10"]
[EventCountry "RUS"]
[SourceTitle "playchess.com"]
[Source "ChessBase"]
[SourceQuality "1"]
[TimeControl "5400+30"]

1. d4 d6 2. e4 Nf6 3. Nc3 c6 4. Nf3 Bg4 5. h3 Bh5 6. Bd3 e6 7. Bf4 {[%emt 0:04:29] B07: Pirc Defence: Miscellaneous Systems} (7. g4 Bg6 8. g5 Nfd7 9. Nh4 d5 10. Nxg6 hxg6 11. Qg4 Qb6 12. Ne2 Na6 13. c3 dxe4 14. Bxe4 Nc7 {½-½ (54) Leko,P (2732)-Mamedyarov,S (2764) Tashkent 2012 CBM 152 [Mekhitarian,K]}) 7... d5 8. e5 Nfd7 9. g4 Bg6 10. h4 a6 $146 ({Predecessor:} 10... c5 11. h5 Bxd3 12. Qxd3 Nc6 13. O-O-O cxd4 14. Nxd4 {0-1 (35) Ghatti,S (2154)-Ivanov,A (2515) Asheville 2016}) 11. a3 c5 12. dxc5 Bxc5 13. b4 Be7 14. Bxg6 hxg6 15. h5 Nc6 16. Qd2 Nb6 17. Kf1 Rc8 18. Kg2 gxh5 19. b5 Na5 20. bxa6 bxa6 21. Qd3 Nbc4 22. gxh5 Qc7 23. Ne2 Nb7 $17 24. Ng3 Nc5 25. Nd4 Nxd3 0-1

[Event "Botvinnik Cup 2018"]
[Site "Moscow"]
[Date "2018.08.14"]
[Round "7"]
[White "Kirillov, Dmitry"]
[Black "Komliakov, Viktor"]
[Result "0-1"]
[ECO "B06"]
[WhiteElo "2209"]
[BlackElo "2366"]
[Annotator "NA"]
[PlyCount "64"]
[EventDate "2018.08.10"]
[EventCountry "RUS"]
[SourceTitle "playchess.com"]
[Source "ChessBase"]
[SourceQuality "1"]
[TimeControl "5400+30"]

1. e4 g6 2. d4 Bg7 3. Nc3 c6 4. Be3 d5 5. e5 f6 6. f4 Nh6 7. Nf3 Bg4 8. h3 Bxf3 9. Qxf3 O-O 10. Qe2 {[%emt 0:04:30] B15: Caro-Kann: 3 Nc3: 3...g6 and 3...dxe4 4 Nxe4 Nf6 5 Nxf6+ exf6} Nf5 (10... fxe5 11. dxe5 e6 12. O-O-O Nd7 13. h4 c5 14. Nb5 Nf5 15. Bf2 a6 16. Nc3 b5 17. g3 Qc7 {1-0 (51) Hracek,Z (2612)-Hamitevici,V (2487) Minsk 2017}) 11. Bf2 fxe5 12. dxe5 e6 13. O-O-O Nd7 14. h4 c5 $146 ({Predecessor:} 14... Bh6 15. g3 b5 16. h5 g5 17. Qg4 Kh8 {½-½ (63) Fussnecker,M (1999)-Benninger,R (2154) Frankfurt 2011}) 15. h5 g5 16. Nxd5 exd5 17. Rxd5 gxf4 18. e6 Qf6 19. exd7 $2 (19. c3 Nb6 20. Rxc5) 19... Qxb2+ 20. Kd2 Qc3+ 21. Kd1 Ne3+ 22. Bxe3 fxe3 23. Qc4 Qa1+ 24. Ke2 Kh8 25. Qh4 Qxa2 26. h6 Qxc2+ 27. Kxe3 Qc1+ 28. Ke2 Bf6 $19 29. Qxf6+ Rxf6 30. d8=Q+ Rf8 31. Qd6 Rae8+ 32. Re5 Qb2+ 0-1

[Event "Botvinnik Cup 2018"]
[Site "Moscow"]
[Date "2018.08.14"]
[Round "7"]
[White "Nurmanova, Alua"]
[Black "Sevdimaliyev, Urfan"]
[Result "1/2-1/2"]
[ECO "B33"]
[WhiteElo "1825"]
[BlackElo "2388"]
[Annotator "NA"]
[PlyCount "106"]
[EventDate "2018.08.10"]
[EventCountry "RUS"]
[SourceTitle "playchess.com"]
[Source "ChessBase"]
[SourceQuality "1"]
[TimeControl "5400+30"]

1. e4 c5 2. Nf3 Nc6 3. d4 cxd4 4. Nxd4 Nf6 5. Nc3 e5 6. Ndb5 d6 7. Bg5 a6 8. Na3 b5 9. Nd5 Be7 10. Bxf6 Bxf6 11. c3 Bg5 12. Nc2 Ne7 13. a4 {[%emt 0:13:11] B33: Sicilian: Pelikan and Sveshnikov Variations} (13. h4 Bh6 14. a4 bxa4 15. Ncb4 O-O 16. Qxa4 a5 17. Bb5 Nxd5 18. Nxd5 Be6 19. Bc6 Rb8 20. b4 axb4 21. cxb4 {½-½ (31) Kovalev,V (2639)-Zhigalko,S (2620) Minsk 2018}) 13... bxa4 14. Ncb4 O-O 15. Rxa4 a5 16. Nxe7+ Qxe7 17. Nd5 Qb7 18. b3 Bd7 19. Ra2 f5 20. Bc4 Kh8 21. exf5 Rxf5 22. O-O $146 g6 23. Qa1 Bd8 24. Rd1 Rc8 25. Ne3 Rf6 26. Bd5 Qb5 27. Bc4 Qb8 28. Rad2 Rc5 29. Nd5 (29. b4 $16 axb4 30. cxb4) 29... Rf8 30. Ne3 Rc6 31. Bd5 Rc8 32. Nc4 Rc5 33. Nxd6 Qxd6 34. Bf3 Qf6 35. Rxd7 e4 36. R1d6 Qf4 37. Rxd8 exf3 38. c4+ Kg8 39. Qd1 Rcf5 40. Rxf8+ Rxf8 41. Qd5+ Kh8 42. Qd4+ Qxd4 43. Rxd4 Rb8 44. gxf3 Rxb3 45. Rd5 a4 46. Ra5 a3 47. Kg2 Rc3 48. c5 Kg7 {[%emt 0:00:43] [#]} 49. c6 $1 Rxc6 50. Rxa3 $11 Rc7 51. Ra6 Rb7 52. Kg3 Rc7 53. h3 Rb7 1/2-1/2

[Event "Botvinnik Cup 2018"]
[Site "Moscow"]
[Date "2018.08.14"]
[Round "7"]
[White "Balabayeva, Xeniya"]
[Black "Sevdimaliyev, Urfan"]
[Result "1-0"]
[ECO "B34"]
[WhiteElo "1788"]
[BlackElo "2388"]
[Annotator "NA"]
[PlyCount "87"]
[EventDate "2018.08.10"]
[EventCountry "RUS"]
[SourceTitle "playchess.com"]
[Source "ChessBase"]
[SourceQuality "1"]
[TimeControl "5400+30"]

1. e4 c5 2. Nf3 Nc6 3. d4 cxd4 4. Nxd4 g6 5. Nc3 Bg7 6. Be3 Nf6 7. Nxc6 bxc6 8. e5 Ng8 9. Bd4 f6 10. exf6 {[%emt 0:02:37] B34: Sizilianisch (Beschleunigtes Fianchetto)} Nxf6 11. Be2 (11. Bc4 d5 12. Bb3 O-O 13. O-O Rb8 14. Bxa7 Rb4 15. f3 Ba6 16. Re1 Qd6 17. Bf2 Kh8 {0-1 (65) Sychev,K (2510)-Antipov,M (2588) Moscow 2017}) 11... O-O 12. O-O d6 13. f4 Rb8 14. Rb1 $146 ({Vorgänger:} 14. Nb1 Be6 15. Bf3 Bd5 16. Nd2 Rb4 17. Nb3 Bxf3 18. Rxf3 {½-½ (41) Amos,B-Baumbach,F Siegen 1970}) 14... c5 15. Bf2 Rb4 16. Qd2 Bh6 17. Be3 Be6 18. a3 Rb8 19. h3 Qa5 (19... Qc7 $14) 20. Bf3 Rfd8 21. f5 Bxe3+ 22. Qxe3 Bxf5 23. Qxe7 Rf8 24. g4 Rbe8 25. Qxd6 Rd8 $1 {[%emt 0:02:18] [#]} 26. Qe5 ({White should try} 26. Qh2 $1 $16 Be6 27. Rbe1) 26... Rde8 $1 27. Qd6 Rd8 28. Qe5 Rde8 29. Qd6 Rd8 {[%emt 0:03:16] [#]} 30. Qc6 Bxc2 ({Black should play} 30... Bd7 $14 31. Qd6 Kh8) 31. Bd5+ Nxd5 32. Rxf8+ Rxf8 33. Qxd5+ Kg7 34. Qe5+ Kg8 35. Qe6+ Kg7 $18 {[%emt 0:01:15] [#]} (35... Rf7 $16) 36. Rc1 $1 Ba4 37. Qe5+ Kg8 38. Qd5+ Kg7 39. Re1 Rf7 40. Re6 Bd7 41. Rd6 Qd8 42. Qe5+ Kg8 43. Nd5 Qh4 44. Nf6+ 1-0